 Dungeon Crawl Stone Soup version 0.23-a0-558-g30802b1d75 (webtiles) character file.

46816 papeRust the Pandemonic (level 14, -7/116 HPs)
             Began as a Demonspawn Fighter on Dec 4, 2018.
             Was a High Priest of Makhleb.
             Mangled by Snorg (11 damage)
             ... on level 1 of the Orcish Mines on Dec 12, 2018.
             The game lasted 01:45:01 (24267 turns).

papeRust the Pandemonic (Demonspawn Fighter)       Turns: 24267, Time: 01:45:03

Health: -7/116     AC: 12    Str: 21    XL:     14   Next: 6%
Magic:  0/24       EV:  9    Int: 10    God:    Makhleb [*****.]
Gold:   1430       SH: 14    Dex: 13    Spells: 10/17 levels left

rFire    + . .     SeeInvis .   K - +2 hand axe (elec)
rCold    + . .     Gourm    .   c - +0 shield
rNeg     . . .     Faith    .   b - +1 ring mail {rPois}
rPois    +         Spirit   +   E - +0 helmet
rElec    .         Reflect  +   W - scarf {rC+ rF+}
rCorr    .         Harm     .   P - +2 pair of gloves {archery}
MR       ++...                  (no boots)
Stlth    ++........             F - +2 amulet of reflection
HPRegen  0.29/turn              I - ring of protection from magic
MPRegen  0.38/turn              Y - ring of wizardry

@: about to teleport
A: hooves 2, icy blue scales 1, nightstalker 2, magic shield, magic
regeneration, magic link
a: Minor Destruction, Lesser Servant of Makhleb, Major Destruction, Greater
Servant of Makhleb, Renounce Religion


You were on level 1 of the Orcish Mines.
You worshipped Makhleb.
Makhleb was extremely pleased with you.
You were not hungry.

You visited 3 branches of the dungeon, and saw 18 of its levels.
You also visited: Sewer.

You collected 1942 gold pieces.
You spent 512 gold pieces at shops.

Inventory:

Hand Weapons
 o - the +5 morningstar of Hecijoiv {pain, Str-5 Dex+5}
   (You found it on level 3 of the Lair of Beasts)

   In the hands of one skilled in necromantic magic, it inflicts extra damage on
   living creatures.
   It affects your strength (-5).
   It affects your dexterity (+5).
 H - a +2 whip of flaming
 K - a +2 hand axe of electrocution (weapon)
Missiles
 L - 7 silver javelins (quivered)
Armour
 b - a +1 ring mail of poison resistance (worn)
 c - a +0 shield (worn)
 E - a +0 helmet (worn)
 P - a +2 pair of gloves of archery (worn)
 W - a scarf of resistance (worn)
Jewellery
 v - an uncursed ring of positive energy
 F - a +2 amulet of reflection (around neck)
 I - a ring of protection from magic (left hand)
 M - an uncursed ring of protection from cold
 Y - a ring of wizardry (right hand)
Wands
 g - a wand of random effects (36)
 s - a wand of digging (13)
 u - a wand of polymorph (10)
 D - a wand of acid (8)
 J - a wand of flame (15)
 S - a wand of iceblast (13)
Scrolls
 e - 20 scrolls of teleportation
 h - 2 scrolls of magic mapping
 i - 2 scrolls of enchant weapon {unknown}
 k - 2 scrolls of noise {unknown}
 l - 5 scrolls of remove curse
 m - 2 scrolls of enchant armour {unknown}
 p - 3 scrolls of fear
 t - a scroll of identify
 y - 2 scrolls of blinking {unknown}
 A - a scroll of fog {unknown}
 O - a scroll of silence {unknown}
 Q - a scroll of vulnerability {unknown}
 V - a scroll of amnesia {unknown}
 X - a scroll of acquirement {unknown}
Potions
 a - a potion of resistance {unknown}
 d - a potion of might
 j - 2 potions of haste
 n - 2 potions of lignification
 q - 4 potions of flight
 w - 3 potions of curing {unknown}
 x - a potion of brilliance {unknown}
 z - 2 potions of invisibility
 B - a potion of berserk rage
 C - a potion of agility
 R - a potion of heal wounds {unknown}
 T - 2 potions of degeneration {unknown}
 Z - 4 potions of mutation
Miscellaneous
 G - a phial of floods
Comestibles
 f - 30 rations
 r - a chunk of flesh


   Skills:
 + Level 12.3 Fighting
 + Level 12.1 Axes
 - Level 2.6 Armour
 + Level 11.5 Shields
 - Level 2.0 Spellcasting
 + Level 4.0 Hexes
 - Level 14.0 Invocations


You had 10 spell levels left.
You knew the following spells:

 Your Spells              Type           Power        Failure   Level  Hunger
a - Corona                Hex            #......      6%          1    ##.....
b - Tukima's Dance        Hex            #.......     17%         3    ####...
c - Confuse               Hex            #.......     17%         3    ####...

Your spell library contained the following spells:

 Spells                   Type           Power        Failure   Level  Hunger
 Ensorcelled Hibernation  Hex/Ice        #.....       21%         2    ###....
 Flame Tongue             Conj/Fire      #....        30%         1    ##.....
 Summon Butterflies       Summ           #.......     30%         1    ##.....
 Dazzling Spray           Conj/Hex       #.....       38%         3    ####...
 Inner Flame              Hex/Fire       #.......     38%         3    ####...
 Summon Guardian Golem    Hex/Summ       #.......     38%         3    ####...
 Call Imp                 Summ           #.......     41%         2    ###....
 Throw Flame              Conj/Fire      #.....       41%         2    ###....
 Conjure Flame            Conj/Fire      #.......     65%         3    ####...
 Recall                   Summ/Tloc      N/A          65%         3    ####...
 Sticky Flame             Conj/Fire      #.......     95%         4    #####..
 Fireball                 Conj/Fire      #.........   100%        5    ######.
 Shatter                  Erth           #.........   100%        9    #######


Dungeon Overview and Level Annotations

Branches:
Dungeon (13/15)            Temple (0/1) D:7            Lair (3/6) D:11
  Swamp (0/4) Lair:2       Spider (0/4) Lair:3          Orc (2/2) D:9
    Elf (0/3) Orc:2
 Vaults: D:13-14

Altars:
Makhleb
Uskayaw
Xom
Beogh

Shops:
D:5 (   D:8 :   Orc:2 [::[

Annotations:
D:6 Menkaure, Prince Ribbit
D:12 Rupert
Orc:1 Snorg


Innate Abilities, Weirdness & Mutations

You have hoof-like feet.
You are partially covered in icy blue scales. (AC +2)
You are significantly more attuned to the shadows.
When hurt, damage is shared between your health and your magic reserves.
You regenerate magic rapidly.
When low on magic, you restore magic in place of health.


Message History

Snorg is almost dead.
You barely miss the ice devil.
You hit the orc sorcerer but do no damage.
You block the ice devil's attack. Snorg bites you!
* * * LOW HITPOINT WARNING * * *
You block Snorg's attack. Snorg claws you.
* * * LOW HITPOINT WARNING * * *
An orc warrior comes into view. It is wielding a +0 short sword.
The orc warrior shouts!
You block Snorg's attack. x2; Snorg claws you!
* * * LOW HITPOINT WARNING * * *
An orc priest comes into view. It is wielding a +2 mace of crushing.
The orc priest shouts!
As you read the scroll of teleportation, it crumbles to dust.
You feel strangely unstable.
The ice devil disappears in a puff of smoke!
Snorg bites you!!
* * * LOW HITPOINT WARNING * * *
You block Snorg's attack. x2; Snorg closely misses you.
Snorg claws you!
You die...

##..## ### ##....##
##.####....#.##
##...#.....#...## ###
##..........#....####.####
#....#.......#....##.....#
##.####..##..###.###....).
### ##..#........#.......
#..T@o.......##.##.#.
###.o#.........##.#..#
#.T####...............
.......# ...............
##.#.o.# .o............ #
##.T. ............#. ##...
............. ##..
...#........ ....


You could see Snorg (berserk), a troll, an orc warrior and 2 orc priests.

Vanquished Creatures
  Azrael (D:13)
  An ettin (Orc:1)
  Erolcha (Orc:2)
  5 hydras
  6 two-headed ogres
  5 orc high priests (Orc:2)
  4 unseen horrors
  5 orc knights (Orc:2)
  Pikel (D:9)
  An orc sorcerer (Orc:1)
  5 ugly things
  A deep elf mage (D:13)
  2 cyclopes
  Maurice (D:8)
  3 spiny frogs
  A gargoyle (D:10)
  2 black mambas
  4 komodo dragons
  An efreet (D:13)
  3 trolls
  3 blink frogs
  2 hippogriffs
  5 slime creatures (D:12)
  2 bog bodies (Lair:2)
  2 shadows
  A vampire (D:9)
  8 yaks
  A wyvern (Lair:3)
  5 fire elementals (D:13)
  Grum (D:9)
  A redback (Lair:3)
  2 hungry ghosts
  2 basilisks
  2 acid dragons
  11 water moccasins
  The ghost of Hercules1031 the Ducker, an amateur SpMo (D:4)
  8 porcupines
  35 orc warriors
  2 hell hounds (D:13)
  6 ice beasts
  A slave (D:9)
  A black bear (Lair:1)
  3 sky beasts
  2 phantoms (D:9)
  An eye of draining (D:7)
  10 crocodiles
  14 ogres
  7 wolves
  6 centaurs
  A gnoll sergeant (D:9)
  17 bullfrogs
  2 wyvern zombies
  A water moccasin zombie (D:10)
  3 scorpions
  A wyvern skeleton (D:10)
  7 killer bees
  3 wights (D:10)
  A howler monkey (D:6)
  5 crimson imps
  2 quasits
  2 bullfrog zombies
  2 centaur zombies (D:11)
  9 hounds
  A jelly (D:5)
  28 orc priests
  2 bullfrog skeletons
  2 centaur skeletons
  6 iguanas
  17 orc wizards
  5 worker ants
  A hound zombie (D:6)
  5 gnolls (D:9)
  A worker ant zombie (D:2)
  12 adders
  4 shadow imps
  3 oozes (D:2)
  2 adder skeletons
  3 worms
  A dart slug (D:2)
  9 leopard geckos
  64 orcs
  6 giant cockroaches
  5 goblins
  5 hobgoblins
  8 jackals
  8 kobolds
  6 quokkas
  13 bats
  7 frilled lizards
  A leopard gecko zombie (D:5)
  A quokka skeleton (D:4)
  A rat (D:2)
  A plant (Lair:1)
482 creatures vanquished.

Vanquished Creatures (collateral kills)
  Frances (D:12)
  An orc knight (Orc:2)
  A deep elf mage (D:11)
  A hornet (D:12)
  2 orc warriors (Orc:2)
6 creatures vanquished.

Vanquished Creatures (others)
  A dancing weapon (Orc:2)
  2 centaurs (D:12)
  An orc wizard (D:9)
  5 orcs (D:9)
  A fungus (D:11)
  5 plants
15 creatures vanquished.

Grand Total: 503 creatures vanquished

Notes
Turn   | Place    | Note
-------+----------+-------------------------------------------
     0 | D:1      | papeRust the Demonspawn Fighter began the quest for the
                  | Orb.
     0 | D:1      | Reached XP level 1. HP: 18/18 MP: 1/1
   307 | D:1      | Gained mutation: You have large cloven feet. [demonic
                  | ancestry]
   307 | D:1      | Reached XP level 2. HP: 23/24 MP: 2/2
   718 | D:2      | Reached XP level 3. HP: 16/29 MP: 3/3
  1350 | D:3      | Gained mutation: You are partially covered in icy blue
                  | scales. (AC +2) [demonic ancestry]
  1350 | D:3      | Reached XP level 4. HP: 28/35 MP: 4/4
  1976 | D:3      | Gained mutation: You are slightly more attuned to the
                  | shadows. [demonic ancestry]
  1976 | D:3      | Reached XP level 5. HP: 42/42 MP: 5/5
  2262 | D:4      | Found a glowing drain.
  2298 | Sewer    | Entered a sewer
  2892 | D:4      | Noticed a phantom
  3441 | D:4      | Found a runed gate.
  3441 | D:4      | Found a runed gate.
  3441 | D:4      | Found a runed gate.
  3442 | D:4      | Noticed Hercules1031's ghost (amateur SpMo)
  3490 | D:4      | Killed Hercules1031's ghost
  3490 | D:4      | Gained mutation: When hurt, damage is shared between your
                  | health and your magic reserves. [demonic ancestry]
  3490 | D:4      | Reached XP level 6. HP: 42/49 MP: 6/6
  3596 | D:5      | Entered Level 5 of the Dungeon
  3812 | D:5      | Found Ysuruzirch's Weapon Shop.
  4022 | D:5      | Reached skill level 5 in Axes
  4022 | D:5      | Reached XP level 7. HP: 33/55 MP: 2/7
  4472 | D:5      | Reached skill level 5 in Fighting
  4849 | D:5      | Found a burning altar of Makhleb.
  4851 | D:5      | Noticed a green death
  4963 | D:5      | Noticed an orange demon
  4963 | D:5      | Noticed a hellwing
  4965 | D:5      | Became a worshipper of Makhleb the Destroyer
  5004 | D:6      | Noticed Menkaure
  5331 | D:6      | Reached XP level 8. HP: 63/63 MP: 8/8
  5335 | D:6      | Reached skill level 5 in Shields
  5452 | D:6      | Noticed Prince Ribbit
  5905 | D:7      | Got a sheer robe
  6177 | D:7      | Identified the +0 robe of the Cicada {rC+ rN+ MR- Stlth+}
                  | (You found it on level 7 of the Dungeon)
  6191 | D:7      | Found a staircase to the Ecumenical Temple.
  6780 | D:7      | Reached XP level 9. HP: 49/71 MP: 6/9
  6878 | D:7      | Reached * piety under Makhleb
  7417 | D:8      | Found Soorgh's Book Shop.
  7513 | D:8      | Noticed a two-headed ogre
  7522 | D:8      | Killed a two-headed ogre
  7765 | D:8      | Noticed Maurice
  8112 | D:8      | Killed Maurice
  8266 | D:8      | Noticed a +0 hand axe
  8266 | D:8      | Noticed a +0 dagger
  8270 | D:8      | Found a hide-covered altar of Uskayaw.
  8291 | D:8      | Gained mutation: You are significantly more attuned to the
                  | shadows. [demonic ancestry]
  8291 | D:8      | Reached XP level 10. HP: 80/80 MP: 10/10
  8554 | D:9      | Found a staircase to the Orcish Mines.
  8568 | D:9      | Reached ** piety under Makhleb
  8608 | D:9      | Noticed Pikel
  8622 | D:9      | Killed Pikel
  8754 | D:9      | Found a roughly hewn altar of Beogh.
  8792 | D:9      | Reached skill level 1 in Invocations
  8793 | D:9      | Reached skill level 10 in Axes
  8858 | D:9      | Reached skill level 2 in Invocations
  8874 | D:9      | Noticed Grum
  8898 | D:9      | Killed Grum
  8898 | D:9      | Reached skill level 3 in Invocations
  9121 | D:9      | Reached skill level 4 in Invocations
  9673 | D:10     | Entered Level 10 of the Dungeon
  9682 | D:10     | Reached skill level 5 in Invocations
  9778 | D:10     | Noticed a two-headed ogre
  9786 | D:10     | Killed a two-headed ogre
  9786 | D:10     | Reached skill level 6 in Invocations
  9910 | D:10     | Noticed a two-headed ogre
  9939 | D:9      | Reached *** piety under Makhleb
 10067 | D:10     | Reached skill level 7 in Invocations
 10246 | D:10     | Killed a two-headed ogre
 10246 | D:10     | Reached XP level 11. HP: 48/89 MP: 13/16
 10473 | D:10     | Reached skill level 8 in Invocations
 10977 | D:10     | Killed an unseen horror
 11065 | D:11     | Found a shimmering altar of Xom.
 11065 | D:11     | Noticed a deep elf mage
 11089 | D:11     | Killed a deep elf mage
 11089 | D:11     | Reached skill level 9 in Invocations
 11505 | D:11     | Killed an unseen horror
 11654 | D:11     | Noticed a green ugly thing
 11674 | D:11     | Killed a green ugly thing
 12071 | D:11     | Noticed a two-headed ogre
 12081 | D:11     | Killed a two-headed ogre
 12081 | D:11     | Reached skill level 10 in Invocations
 12314 | D:11     | Noticed a green ugly thing
 12320 | D:11     | Killed a green ugly thing
 12320 | D:11     | Reached skill level 10 in Fighting
 12556 | D:11     | Reached skill level 11 in Invocations
 12567 | D:11     | Reached **** piety under Makhleb
 12611 | D:11     | Found a staircase to the Lair.
 12837 | D:12     | Noticed a green ugly thing
 12854 | D:12     | Killed a green ugly thing
 13235 | Lair:1   | Entered Level 1 of the Lair of Beasts
 13413 | Lair:1   | Gained mutation: You regenerate magic rapidly. [demonic
                  | ancestry]
 13413 | Lair:1   | Reached XP level 12. HP: 66/98 MP: 15/20
 13823 | Lair:1   | Noticed a five-headed hydra
 13829 | Lair:1   | Killed a five-headed hydra
 13893 | Lair:1   | Upgraded the game from 0.23-a0-516-g0f8c2457b6 to
                  | 0.23-a0-558-g30802b1d75
 14052 | Lair:1   | Identified the Disquisition on the Mountains and Illusion
 14080 | Lair:1   | Got a steaming whip
 14174 | Lair:1   | Reached skill level 12 in Invocations
 15355 | Lair:2   | Found a staircase to the Swamp.
 15534 | Lair:2   | Got a tiger eye-encrusted scale mail
 15568 | Lair:3   | Noticed a four-headed hydra
 15598 | Lair:2   | Reached skill level 10 in Shields
 15613 | Lair:3   | Noticed a six-headed hydra
 15710 | Lair:3   | Killed a nine-headed hydra
 15728 | Lair:3   | Identified the cursed +0 scale mail of Theory {rC- rCorr
                  | Int+4} (You found it on level 2 of the Lair of Beasts)
 15740 | Lair:3   | Identified the +5 whip "Risoguex" {slash, *Drain rElec
                  | Dex+8 Stlth+} (You found it on level 1 of the Lair of
                  | Beasts)
 15749 | Lair:3   | Found a hole to the Spider Nest.
 15770 | Lair:3   | Killed a six-headed hydra
 16423 | Lair:3   | Learned a level 1 spell: Corona
 16427 | Lair:3   | Learned a level 3 spell: Tukima's Dance
 16646 | Lair:3   | Got an iridescent morningstar
 16901 | D:12     | Noticed Frances
 16932 | D:12     | Killed Frances
 17412 | D:12     | Gained mutation: You have hoof-like feet. [demonic
                  | ancestry]
 17412 | D:12     | Reached XP level 13. HP: 106/106 MP: 20/22
 17480 | D:12     | Reached skill level 13 in Invocations
 17585 | D:12     | Noticed Rupert
 17947 | D:13     | Noticed Azrael
 18447 | D:13     | Identified the +5 morningstar of Hecijoiv {pain, Str-5
                  | Dex+5} (You found it on level 3 of the Lair of Beasts)
 19617 | D:13     | Killed Azrael
 19617 | D:13     | Reached skill level 1 in Spellcasting
 20530 | Orc:1    | Entered Level 1 of the Orcish Mines
 20686 | Orc:2    | Entered Level 2 of the Orcish Mines
 20766 | Orc:2    | Found a staircase to the Elven Halls.
 21039 | Orc:2    | Found a burning altar of Makhleb.
 21076 | Orc:2    | Noticed Erolcha
 21193 | Orc:2    | Reached skill level 1 in Hexes
 21320 | Orc:2    | Killed Erolcha
 22205 | Orc:2    | Reached skill level 14 in Invocations
 22797 | Orc:2    | Learned a level 3 spell: Confuse
 23025 | Orc:2    | Reached ***** piety under Makhleb
 23030 | Orc:2    | Gained mutation: When low on magic, you restore magic in
                  | place of health. [demonic ancestry]
 23030 | Orc:2    | Reached XP level 14. HP: 115/115 MP: 13/24
 23111 | Orc:2    | Found Gady's Book Emporium.
 23113 | Orc:2    | Found Roetzug's Book Shoppe.
 23114 | Orc:2    | Found Lenebue's Armour Shoppe.
 23114 | Orc:2    | Found Osijais's Antique Armour Shoppe.
 23174 | Orc:2    | Bought a glowing scarf for 256 gold pieces
 23184 | Orc:2    | Bought a glowing scarf for 256 gold pieces
 24247 | Orc:1    | Noticed Snorg
 24267 | Orc:1    | HP: 4/116 [Snorg (17)]
 24267 | Orc:1    | Mangled by Snorg

Vault maps used:
D:1:      mrwooster_arrival_arrow, minivault_4
D:2:      minmay_heptomino_d4
D:3:      first_ration, minivault_24
D:4:      gup_sewer_entry_glass, ebering_ghost_rock_garden
D:5:      serial_shops, nicolae_shop_crystal, makhleb_altar_promises_db
D:6:      uniq_blork_the_orc, uniq_menkaure, uniq_prince_ribbit1
D:7:      temple_fountains, grunt_ogre_cave
D:8:      dancing_weapons_uskayaw, serial_shops, nicolae_shop_window_shopping,
          uniq_maurice
D:9:      minmay_orc_entry_temple_small, minmay_misc_feat_x, uniq_grum,
          uniq_pikel
D:10:     nzn_random_ring
D:11:     grunt_lair_entry_orc_guard_hut, st_stairs_3, david_defended_altar_elf
D:12:     uniq_frances, uniq_rupert
D:13:     uniq_azrael
Lair:1:   minmay_shattered_shrine
Lair:2:   skrybe_swamp_entry_bodies, grunt_megastairs_3, lemuel_fruit_tree
Lair:3:   regret_index_harrowing_hell_hive, spider_nest_entry_webs,
          grunt_megastairs_2
Orc:1:    uniq_snorg
Orc:2:    st_orc_pillars, basic_altar, uniq_erolcha
Sewer:    sewer_fruit_machine

Skill      XL: |  1  2  3  4  5  6  7  8  9 10 11 12 13 14 |
---------------+-------------------------------------------+-----
Axes           | 2 3 4 5 6 7 9 10 11 12 | 12.1
Shields        | 3 4 6 7 8 9 10 11 | 11.5
Fighting       | 4 5 6 7 9 10 11 12 | 12.3
Invocations    | 7 11 12 14 | 14.0
Spellcasting   | 2 |  2.0
Hexes          | 3 4 |  4.0
Armour         | |  2.6

Action                   |  1- 3 |  4- 6 |  7- 9 | 10-12 | 13-15 || total
-------------------------+-------+-------+-------+-------+-------++-------
Melee: War axe           |    80 |   184 |   231 |       |       ||   495
       Kick              |    15 |    42 |   116 |   236 |   164 ||   573
       Hand axe          |       |       |   109 |   752 |   451 ||  1312
       Whip              |       |       |       |    11 |       ||    11
       Morningstar       |       |       |       |       |    35 ||    35
Throw: Javelin           |       |       |     7 |     6 |       ||    13
       Throwing net      |       |       |     1 |       |       ||     1
 Cast: Tukima's Dance    |       |       |       |       |    17 ||    17
       Confuse           |       |       |       |       |     1 ||     1
Invok: Minor Destruction |       |       |       |   130 |   211 ||   341
       Lesser Servant of |       |       |       |     9 |     5 ||    14
       Major Destruction |       |       |       |     5 |       ||     5
 Abil: Evoke Berserk Rag |       |       |     1 |     1 |       ||     2
Evoke: Wand              |       |       |       |     3 |       ||     3
       Phial of floods   |       |       |       |     1 |       ||     1
  Use: Potion            |       |     1 |     1 |     3 |     3 ||     8
       Scroll            |       |     6 |     3 |     6 |     4 ||    19
 Stab: Sleeping          |       |       |       |     6 |       ||     6
  Eat: Chunk             |     1 |     6 |     7 |    27 |    10 ||    51
       Ration            |       |     1 |     4 |     2 |     4 ||    11
Armor: Scale mail        |    33 |   100 |   161 |   254 |    48 ||   596
       Acid dragon scale |       |       |       |       |    87 ||    87
       Ring mail         |       |       |       |       |    13 ||    13
Dodge: Dodged            |    24 |    66 |    91 |   178 |   127 ||   486
Block: Shield            |    37 |   118 |   137 |   402 |   299 ||   993
       Reflection        |       |       |       |     3 |     6 ||     9

Table legend:
 A = Non-vault XP
 B = Vault XP
 C = Vault XP percentage of total XP
 D = Non-vault monster count
 E = Vault monster count
 F = Vault count percentage of total count
                 A         B        C        D         E       F
            +---------+---------+-------+---------+---------+-------
      Total |   39107 |   27773 |  41.5 |     339 |     149 |  30.5
            +---------+---------+-------+---------+---------+-------
        D:1 |      16 |       0 |   0.0 |      10 |       0 |   0.0
        D:2 |      71 |       7 |   9.0 |      20 |       3 |  13.0
        D:3 |     140 |       0 |   0.0 |      24 |       0 |   0.0
        D:4 |      26 |     182 |  87.5 |       7 |       5 |  41.7
        D:5 |     542 |       0 |   0.0 |      14 |       0 |   0.0
        D:6 |     931 |       0 |   0.0 |      18 |       0 |   0.0
        D:7 |    1726 |     121 |   6.6 |      25 |       1 |   3.8
        D:8 |    1393 |     450 |  24.4 |      15 |       1 |   6.2
        D:9 |    1682 |    1258 |  42.8 |      26 |       8 |  23.5
       D:10 |    3196 |    1871 |  36.9 |      21 |      13 |  38.2
       D:11 |    4222 |    2138 |  33.6 |      36 |       7 |  16.3
       D:12 |    4040 |    1780 |  30.6 |      22 |       1 |   4.3
       D:13 |    8014 |    2535 |  24.0 |      17 |       9 |  34.6
     Lair:1 |    2736 |    2467 |  47.4 |      16 |       8 |  33.3
     Lair:2 |    2483 |    1261 |  33.7 |      11 |       5 |  31.2
     Lair:3 |    3872 |    1790 |  31.6 |      19 |       7 |  26.9
      Orc:1 |    2234 |       0 |   0.0 |      14 |       0 |   0.0
      Orc:2 |    1783 |   11884 |  87.0 |      24 |      65 |  73.0
      Sewer |       0 |      29 | 100.0 |       0 |      16 | 100.0
            +---------+---------+-------+---------+---------+-------
